Map: Ever Dream LE

Players

LiquidMaNa (MaNa)

  • Race: Protoss Protoss
  • League: Grandmaster
  • Spawn Location: 1:00

soul - Winner!

  • Race: Terran Terran
  • League: Grandmaster
  • Spawn Location: 7:00

Event: DreamHack SC2 Masters 2020 Fall

VOD

Have the link to the VOD?

Description

Time

  • Played on: Sept. 3, 2020, 2:48 p.m.
  • Length: 21:31

All games in this series

Show
View Real Time Build Order
Export as new Build Order

LiquidMaNa Protoss 

Build Orders: Oracle Opening 

Get SALT Encoding   

  12  0:00  Probe  
  13  0:12  Probe  
  14  0:17  Pylon  
  14  0:24  Probe (Chrono Boost)  
  15  0:36  Probe (Chrono Boost)  
  15  0:37  Gateway  
  16  0:44  Probe (Chrono Boost)  
  16  0:46  Assimilator  
  17  0:51  Probe  
  18  1:03  Probe  
  19  1:15  Probe  
  20  1:24  Cybernetics Core  
  20  1:27  Probe  
  23  1:32  Zealot (Chrono Boost)  
  23  1:34  Pylon  
  23  1:35  Assimilator  
  23  1:52  Probe  
  24  1:57  Pylon  
  24  2:00  Adept (Chrono Boost)  
  26  2:04  Probe  
  27  2:11  Warp Gate  
  27  2:16  Probe  
  27  2:21  Stargate  
  28  2:23  Adept  
  28  2:28  Probe  
  31  2:35  Stargate  
  31  2:40  Probe  
  32  2:50  Nexus  
  32  2:57  Adept  
  34  2:59  Probe  
  35  3:11  Probe  
  36  3:17  Pylon  
  36  3:19  Oracle (Chrono Boost)  
  39  3:32  Pylon  
  39  3:35  Probe  
  39  3:36  Gateway  
  40  3:44  Shield Battery  
  40  3:51  Oracle  
  40  3:53  Probe  
  44  4:11  Probe x2  
  44  4:14  Stalker  
  48  4:23  Probe (Chrono Boost)  
  48  4:24  Probe (Chrono Boost)  
  49  4:35  Probe (Chrono Boost)  
  49  4:36  Probe (Chrono Boost)  
  51  4:41  Oracle  
  51  4:43  Probe (Chrono Boost)  
  51  4:44  Probe (Chrono Boost)  
  56  4:48  Adept  
  56  4:50  Probe  
  59  4:54  Probe  
  59  5:02  Probe  
  59  5:06  Probe  
  58  5:14  Probe  
  58  5:17  Robotics Facility  
  58  5:19  Probe (Chrono Boost)  
  60  5:26  Probe (Chrono Boost)  
  61  5:29  Phoenix  
  61  5:31  Probe (Chrono Boost)  
  61  5:34  Nexus  
  64  5:37  Probe (Chrono Boost)  
  64  5:38  Probe (Chrono Boost)  
  64  5:41  Sentry  
  68  5:44  Assimilator  
  68  5:47  Probe, Pylon  
  69  5:51  Probe  
  70  6:03  Forge  
  70  6:04  Assimilator  
  70  6:05  Probe x2  
  70  6:06  Pylon  
  70  6:11  Robotics Bay  
  72  6:16  Immortal (Chrono Boost)  
  72  6:17  Probe x2  
  78  6:27  Stalker  
  78  6:28  Zealot  
  78  6:32  Shield Battery  
  82  6:35  Phoenix  
  84  6:49  Stalker  
  84  6:54  Probe x2  
  84  6:56  Probe  
  84  7:00  Phoenix  
  76  7:06  Probe x2  
  70  7:08  Probe  
  70  7:12  Stalker x2  
  70  7:14  Warp Prism  
  77  7:18  Probe  
  76  7:24  Probe  
  75  7:34  Phoenix  
  75  7:36  Gateway  
  71  7:37  Stalker x2  
  71  7:38  Gateway  
  71  7:41  Gateway  
  71  7:44  Pylon  
  75  7:45  Probe x3  
  78  7:51  Twilight Council  
  78  7:57  Probe x3  
  81  8:04  Zealot x2, Colossus (Chrono Boost)  
  91  8:15  Assimilator  
  91  8:16  Protoss Ground Weapons Level 1 (Chrono Boost)  
  91  8:18  Shield Battery  
  91  8:22  Probe  
  91  8:23  Probe, Pylon  
  91  8:25  Zealot x2  
  97  8:37  Extended Thermal Lance  
  95  8:41  Phoenix  
  97  8:51  Probe  
  97  8:55  Zealot x5  
  104  8:57  Assimilator  
  104  8:59  Colossus (Chrono Boost)  
  110  9:03  Gateway  
  110  9:04  Gateway  
  110  9:05  Charge (Chrono Boost)  
  110  9:08  Pylon  
  110  9:17  Pylon  
  110  9:20  Sentry  
  110  9:21  Sentry  
  114  9:24  Nexus  
  114  9:26  Pylon  
  114  9:27  Photon Cannon  
  114  9:31  Zealot x2  
  114  9:35  Colossus (Chrono Boost)  
  124  9:46  Zealot x2  
  124  9:47  Zealot  
  130  9:54  Templar Archives  
  130  9:55  Gateway  
  130  10:12  Pylon  
  130  10:14  Pylon x2  
  130  10:18  Protoss Ground Armor Level 1 (Chrono Boost)  
  130  10:19  Zealot x2  
  140  10:22  Pylon  
  140  10:29  Observer (Chrono Boost)  
  140  10:31  High Templar x3  
  140  10:33  High Templar  
  140  10:34  Unknown, Zealot  
  140  10:35  Photon Cannon  
  145  10:37  Archon x2  
  145  10:40  Zealot  
  145  10:41  Zealot  
  143  11:04  Gravitic Drive  
  143  11:11  Zealot x8  
  149  11:30  Colossus  
  153  11:37  Zealot x6  
  153  11:38  Zealot x2  
  165  11:40  Probe x4  
  165  11:43  Forge  
  169  11:49  Robotics Facility x2  
  169  11:58  Zealot x7  
  149  12:09  High Templar x4  
  149  12:19  Archon  
  149  12:20  Stalker x4, Archon  
  149  12:21  Protoss Ground Armor Level 2 (Chrono Boost), Disruptor (Chrono Boost)  
  144  12:43  Stalker x3  
  144  12:44  Stalker x5  
  156  12:51  Photon Cannon, Observer (Chrono Boost)  
  130  13:03  Probe x2  
  123  13:08  Stalker x3  
  123  13:09  Observer (Chrono Boost)  
  119  13:15  Probe x2  
  119  13:16  Probe x2  
  118  13:23  High Templar x3  
  118  13:24  High Templar  
  120  13:29  Archon x2  
  120  13:31  Probe  
  120  13:32  Blink (Chrono Boost)  
  121  13:47  Zealot x3  
  119  13:57  Zealot  
  110  14:15  Stalker, Zealot  
  110  14:16  Zealot x2  
  118  14:24  Protoss Ground Weapons Level 2 (Chrono Boost)  
  116  14:35  Observer  
  116  14:42  Pylon  
  116  14:43  Pylon  
  116  14:45  Pylon  
  116  15:05  Stalker x4  
  122  15:10  Zealot  
  106  15:29  Zealot x3  
  75  16:06  Pylon  
  75  16:09  Pylon  
  54  16:51  Stalker x3, Pylon  
  58  17:20  Stalker x2  
  58  17:21  Stalker  
  44  17:57  Stalker  
  44  17:58  Stalker x2  
  48  18:17  Observer  
  40  18:29  Stalker x3  
  44  18:36  Observer  
  44  18:59  Stalker x2  
  48  19:14  Dark Shrine  
  24  20:27  Dark Templar x2  
  27  20:44  Dark Templar  
Show
View Real Time Build Order
Export as new Build Order

soul Terran - Winner!

Build Orders:  

Get SALT Encoding   

  12  0:00  SCV  
  13  0:12  SCV  
  14  0:16  Supply Depot  
  14  0:25  SCV  
  15  0:38  SCV  
  15  0:40  Barracks  
  16  0:46  Refinery  
  16  0:50  SCV  
  17  1:02  SCV  
  18  1:07  Engineering Bay  
  18  1:14  SCV  
  19  1:27  Marine  
  19  1:28  Orbital Command  
  20  1:49  Factory, Marine  
  20  1:54  SCV, Supply Depot  
  22  2:07  SCV  
  23  2:15  Marine  
  24  2:19  SCV  
  24  2:20  Refinery  
  25  2:31  SCV  
  25  2:33  Marine  
  25  2:35  Widow Mine, Starport  
  28  2:43  SCV  
  29  2:48  Supply Depot  
  29  2:51  Marine  
  30  2:55  SCV  
  30  2:58  Command Center  
  31  3:09  SCV  
  31  3:10  Widow Mine  
  31  3:11  Medivac  
  36  3:14  Barracks Reactor  
  36  3:19  Supply Depot  
  36  3:24  SCV  
  37  3:32  Factory Tech Lab  
  37  3:36  SCV  
  38  3:41  Viking  
  38  3:43  Supply Depot  
  40  3:51  Marine  
  40  3:52  Marine  
  42  3:56  SCV, Armory  
  43  4:08  SCV  
  43  4:09  Marine x2  
  44  4:15  Orbital Command  
  45  4:21  Cyclone  
  48  4:32  Viking  
  48  4:35  Marine  
  51  4:39  Orbital Command  
  51  4:45  Marine  
  51  4:46  SCV  
  51  4:50  Bunker  
  53  4:53  Marine, Siege Tank  
  53  4:58  SCV  
  58  5:06  Supply Depot  
  58  5:07  Viking  
  61  5:10  SCV x2  
  61  5:13  Bunker  
  60  5:15  Marine  
  59  5:22  SCV  
  59  5:23  SCV  
  59  5:25  Supply Depot, Marine  
  59  5:28  Siege Tank  
  65  5:35  SCV x2  
  67  5:39  Marine  
  67  5:40  Supply Depot  
  68  5:47  SCV  
  70  5:55  Viking, Command Center  
  71  5:57  SCV  
  71  5:59  SCV, Marine  
  71  6:03  Marine  
  75  6:09  SCV, Siege Tank  
  79  6:11  SCV  
  79  6:16  Supply Depot  
  80  6:21  SCV  
  80  6:22  Marine  
  80  6:24  Barracks x2  
  82  6:29  SCV  
  82  6:31  Engineering Bay  
  83  6:33  Engineering Bay  
  83  6:34  Starport Tech Lab  
  83  6:37  Refinery  
  83  6:40  SCV, Refinery  
  83  6:45  SCV  
  85  6:48  Siege Tank  
  85  6:52  SCV, Marine  
  85  6:54  Marine  
  85  6:57  SCV  
  78  7:04  SCV  
  78  7:08  Orbital Command  
  73  7:10  Marine  
  73  7:11  Barracks Tech Lab  
  73  7:12  Barracks Tech Lab  
  73  7:14  Marine  
  75  7:18  SCV  
  75  7:20  Siege Tank  
  75  7:24  Terran Infantry Weapons Level 1  
  75  7:28  Marine  
  75  7:29  Marine  
  71  7:32  Marine x2  
  71  7:33  SCV  
  71  7:34  Stimpack  
  70  7:39  Supply Depot  
  70  7:44  SCV  
  71  7:45  Marine, Barracks  
  71  7:46  Barracks  
  71  7:47  Orbital Command, Marine  
  71  7:50  Marine  
  74  7:51  SCV  
  74  7:53  Marine  
  74  7:56  SCV  
  80  8:00  Terran Infantry Armor Level 1  
  80  8:02  Combat Shield  
  80  8:04  SCV  
  81  8:08  SCV  
  81  8:10  Drilling Claws  
  81  8:11  Widow Mine, Marine  
  81  8:12  Marauder  
  84  8:13  SCV  
  84  8:16  SCV  
  84  8:17  Starport Reactor, Bunker, Marine  
  87  8:20  SCV  
  87  8:21  Marauder  
  87  8:25  SCV  
  91  8:28  SCV  
  91  8:31  Supply Depot  
  91  8:32  SCV  
  91  8:33  Widow Mine  
  95  8:36  Marine  
  95  8:37  Marine  
  95  8:38  SCV  
  95  8:40  SCV  
  95  8:44  Barracks Reactor, SCV, Barracks Tech Lab  
  92  8:50  SCV  
  92  8:52  SCV  
  92  8:54  Marauder x2, Marine, Widow Mine  
  98  8:56  SCV  
  98  9:02  SCV  
  100  9:04  SCV  
  100  9:07  Medivac x2  
  100  9:08  SCV  
  106  9:11  Refinery x2  
  106  9:12  Marauder  
  106  9:14  SCV  
  106  9:16  SCV, Marauder  
  111  9:20  Concussive Shells, Marauder, Marine  
  111  9:21  SCV  
  115  9:26  SCV  
  115  9:28  SCV, Marine  
  115  9:29  Ghost Academy  
  118  9:33  SCV  
  118  9:34  Marauder  
  118  9:37  Medivac x2, Marauder  
  118  9:38  SCV  
  128  9:41  Marauder  
  128  9:45  Widow Mine  
  132  9:50  Marine  
  133  9:54  Supply Depot  
  133  9:56  Supply Depot  
  133  9:59  Command Center  
  133  10:07  Medivac x2, Widow Mine  
  135  10:13  Marauder, Marine  
  141  10:17  Ghost x2  
  141  10:18  Marine  
  141  10:20  Starport  
  146  10:28  Widow Mine  
  148  10:30  Marine  
  148  10:35  Marauder  
  151  10:36  SCV x2  
  151  10:37  Enhanced Shockwaves, Medivac  
  155  10:46  Marauder  
  157  10:50  Supply Depot  
  157  10:52  Supply Depot  
  157  10:53  Supply Depot, Terran Infantry Weapons Level 2  
  157  10:55  SCV  
  157  10:56  Widow Mine  
  159  11:03  Marauder, Marine  
  159  11:04  Marauder  
  164  11:09  Starport Reactor  
  164  11:10  Viking x2  
  168  11:17  Widow Mine  
  167  11:18  Marine  
  167  11:19  Marauder  
  167  11:20  Marine  
  167  11:25  Marauder  
  166  11:27  Ghost  
  166  11:28  Marine  
  169  11:33  Marine  
  169  11:39  Ghost, Marine  
  168  11:40  Viking, Liberator  
  168  11:42  Marine  
  168  11:46  Orbital Command, Marauder  
  178  11:48  Liberator  
  181  11:54  Marine  
  181  11:56  Marauder  
  181  12:00  Marine  
  166  12:02  Marine  
  166  12:07  Marauder  
  168  12:11  Marine  
  168  12:12  Marauder, Liberator  
  168  12:14  Marine  
  167  12:17  SCV, Marine  
  168  12:29  Marauder, Marine  
  169  12:32  Liberator  
  169  12:33  Marauder  
  174  12:39  Marauder, Marine  
  174  12:40  SCV  
  174  12:43  Marine  
  179  12:48  Marine  
  180  12:54  Marauder x2  
  180  12:57  Marine  
  161  13:00  Liberator  
  161  13:01  Marauder, Marine  
  161  13:08  Marine  
  161  13:10  Marine  
  161  13:11  SCV  
  156  13:15  Marauder  
  156  13:16  Marauder  
  154  13:20  Liberator  
  154  13:22  Marauder  
  147  13:28  Marine  
  147  13:33  Marine  
  148  13:36  Marauder  
  148  13:37  Marauder  
  150  13:43  Marauder, Marine  
  150  13:45  Marine  
  150  13:47  Marine  
  153  13:51  Marine  
  154  13:56  Planetary Fortress  
  154  13:58  SCV x3, Marauder  
  154  13:59  Marauder  
  154  14:00  Marine  
  162  14:03  Marine  
  162  14:05  Marauder  
  162  14:09  Marine  
  143  14:13  Marine  
  127  14:17  SCV x2  
  127  14:19  Marauder  
  127  14:23  Liberator  
  127  14:24  Marine, Liberator  
  138  14:36  SCV x3  
  137  14:48  SCV, Liberator  
  137  14:49  Ghost  
  137  14:52  Missile Turret  
  142  14:53  Unknown  
  142  15:06  Liberator  
  144  15:20  Marauder x3, Marine x2  
  144  15:21  Marine x2  
  117  15:29  Liberator  
  120  15:37  Widow Mine  
  120  15:38  Marine x3  
  120  15:39  Marine  
  120  15:41  Marine  
  120  15:42  Marauder x2  
  105  15:55  Marine  
  105  15:56  Marine x2  
  101  16:04  Marine  
  95  16:15  Barracks  
  95  16:16  Barracks  
  91  16:22  Marine  
  76  16:37  Barracks  
  76  16:38  Barracks x2  
  76  16:39  Orbital Command, Marine  
  76  16:40  Barracks  
  76  16:41  Barracks  
  77  16:55  Barracks Tech Lab  
  77  16:56  Medivac  
  77  16:57  Marine  
  76  17:08  Marine  
  76  17:09  Marine  
  76  17:10  Marine  
  77  17:22  Marine  
  64  17:23  Marauder  
  64  17:26  Medivac, Marine  
  64  17:28  Marine  
  64  17:29  Marine  
  61  17:31  Marine x3  
  55  17:38  Barracks Tech Lab  
  55  17:40  Marine  
  55  17:41  SCV  
  55  17:44  Marauder, Marine  
  57  17:46  Marine  
  57  17:47  Marine  
  57  17:49  Bunker, Marine x3  
  63  17:53  SCV  
  63  17:56  Medivac  
  63  17:58  Marine  
  63  18:01  Marine  
  63  18:02  Marine  
  63  18:04  Marine  
  60  18:06  Marauder  
  60  18:10  Marine  
  59  18:18  Marine  
  54  18:20  Marauder  
  54  18:22  Marine  
  54  18:25  Marine  
  56  18:27  Marauder  
  56  18:30  Orbital Command  
  55  18:41  Marauder  
  55  18:42  Barracks Tech Lab  
  55  18:43  Barracks Tech Lab  
  55  18:44  Orbital Command, Marine  
  57  18:48  Marauder  
  57  18:55  Marine  
  60  19:03  Marauder  
  60  19:04  Marine  
  60  19:06  Marine  
  60  19:07  Marauder  
  60  19:09  Marauder, Marine  
  69  19:10  Marauder  
  67  19:22  Marine  
  69  19:24  Marauder, Marine  
  69  19:28  Marauder  
  69  19:31  Marauder x2  
  75  19:36  Marine  
  76  19:40  Factory, Marine  
  76  19:42  Marine  
  80  19:45  Marauder  
  80  19:49  Marauder  
  80  19:52  Marauder  
  80  19:53  Marauder  
  80  19:54  Marine  
  80  19:58  Marine  
  74  20:00  Marine  
  74  20:04  SCV  
  72  20:07  Marauder  
  72  20:09  SCV x2  
  72  20:11  Marauder  
  72  20:12  Marine  
  72  20:13  Marauder  
  81  20:16  SCV, Marine  
  81  20:21  SCV x2  
  85  20:24  Factory Reactor  
  85  20:26  Marine  
  85  20:27  Starport  
  87  20:28  SCV, Marauder  
  87  20:32  Marauder  
  87  20:33  SCV x2  
  87  20:35  Marauder  
  93  20:36  Supply Depot  
  93  20:40  SCV  
  93  20:42  Marine  
  96  20:50  Marauder  
  96  20:54  Marauder  
  96  20:55  Marine  
  96  20:56  Marauder  
  100  20:58  Marine  
  100  21:00  Marine  

Tags
 
Add a new tag
Caveats
  • Supply blocks, unpowered buildings, or Contaminate may cause inaccurate times.
  • Supply counts are checked every 10 seconds.